 Dungeon Crawl Stone Soup version 0.32-a0-685-g93135e86f0 (webtiles) character file.

Game seed: 12806172090203479225

5793 pokeman the Thaumaturge (level 10, -3/54 (56) HPs)
             Began as a Deep Elf Hedge Wizard on Mar 13, 2024.
             Was a Follower of Vehumet.
             Slain by a wight
             ... wielding a +3 great sword of freezing
              (9 damage)
             ... on level 9 of the Dungeon.
             The game lasted 00:22:56 (9089 turns).

pokeman the Thaumaturge (Deep Elf Hedge Wizard)     Turns: 9089, Time: 00:22:57

HP:   -3/54 (56)    AC: 10    Str:  7    XL:     10   Next: 50%
MP:   30/30         EV: 14    Int: 24    God:    Vehumet [*.....]
Gold: 354           SH:  5    Dex: 20    Spells: 30/38 levels left

rFire   + . .        C - +5 woodcutter's axe
rCold   . . .        (shield currently unavailable)
rNeg    . . .        M - +0 steam dragon scales
rPois   +            A - +0 helmet
rElec   .            r - +2 cloak {rPois}
rCorr   .            (no gloves)
SInv    .            (no boots)
Will    +....        t - amulet of reflection
Stlth   +++          E - ring of protection from fire
HPRegen 0.29/turn    N - +6 ring of dexterity
MPRegen 0.22/turn

%: reflection
@: lightly drained
A: no striking features
a: Renounce Religion


You were on level 9 of the Dungeon.
You worshipped Vehumet.
Vehumet was aware of your devotion.
You visited 2 branches of the dungeon, and saw 10 of its levels.
You also visited: Sewer and Ossuary.

You collected 548 gold pieces.
You spent 194 gold pieces at shops.

Inventory:

Hand Weapons
 c - the +10 falchion of the Whelk {drain, rF- rN+ rCorr Dex+4}
   (You found it on level 5 of the Dungeon)

   Dex+4:     It affects your dexterity (+4).
   rF-:       It makes you vulnerable to fire.
   rN+:       It protects you from negative energy.
   rCorr:     It protects you from acid and corrosion.
 q - a +3 quarterstaff of chaos
 C - the +5 woodcutter's axe (weapon)
   (You found it on level 5 of the Dungeon)
Missiles
 D - a throwing net
Armour
 r - a +2 cloak of poison resistance (worn)
 A - a +0 helmet (worn)
 M - +0 steam dragon scales (worn)
 R - a scarf of shadows
Jewellery
 t - an amulet of reflection (around neck)
 E - a ring of protection from fire (left hand)
 N - a +6 ring of dexterity (right hand)
 P - a ring of fire
 Q - a +5 ring of evasion
Wands
 v - a wand of polymorph (16)
 O - a wand of flame (30)
Scrolls
 a - 3 scrolls of enchant weapon {unknown}
 b - a scroll of vulnerability {unknown}
 e - 3 scrolls of immolation {unknown}
 g - 2 scrolls of acquirement {unknown}
 h - 2 scrolls of silence {unknown}
 k - 8 scrolls of identify {unknown}
 o - 3 scrolls of fear {unknown}
 p - 2 scrolls of revelation {unknown}
 x - 2 scrolls of enchant armour {unknown}
 y - 2 scrolls of summoning {unknown}
 B - a scroll of brand weapon {unknown}
 F - a scroll of poison {unknown}
 I - 4 scrolls of teleportation {unknown}
 J - a scroll of blinking {unknown}
 L - a scroll of torment {unknown}
Potions
 d - a potion of magic
 f - 2 potions of heal wounds {unknown}
 i - 2 potions of might {unknown}
 j - a potion of berserk rage {unknown}
 l - 2 potions of enlightenment {unknown}
 m - 3 potions of curing {unknown}
 n - a potion of attraction {unknown}
 s - 3 potions of lignification {unknown}
 u - a potion of cancellation {unknown}
 w - 4 potions of brilliance {unknown}
 z - 2 potions of invisibility {unknown}
 G - 3 potions of mutation {unknown}
 H - a potion of resistance {unknown}
 K - a potion of haste


   Skills:
 + Level 3.6 Fighting
 - Level 4.3 Armour
 - Level 4.0 Dodging
 - Level 4.0 Stealth
 * Level 14.6 Spellcasting
 + Level 8.5 Conjurations
 - Level 1.1 Summonings
 - Level 1.1 Translocations
 - Level 1.0 Air Magic
 - Level 1.0 Alchemy
 - Level 1.3 Evocations


You had 30 spell levels left.
You knew the following spells:

 Your Spells              Type           Power      Damage    Failure   Level
a - Magic Dart            Conj           100%       1d8       1%          1
b - Mephitic Cloud        Conj/Alch/Air  34%        N/A       2%          3
c - Call Imp              Summ           44%        N/A       3%          2
d - Blink                 Tloc           44%        N/A       3%          2

Your spell library contained the following spells:

 Spells                   Type           Power      Damage    Failure   Level
 Shock                    Conj/Air       100%       1d9       1%          1
 Apportation              Tloc           44%        N/A       1%          1
 Searing Ray              Conj           100%       2d8       1%          2
 Slow                     Hex            68%        N/A       3%          1
 Cigotuvi's Dreadful Rot  Necr/Alch/Air  40%        N/A       3%          2
 Jinxbite                 Hex            34%        N/A       4%          2
 Fulminant Prism          Conj/Alch      20%        3d12      4%          4
 Leda's Liquefaction      Alch/Erth      10%        N/A       26%         4
 Petrify                  Alch/Erth      20%        N/A       26%         4
 Alistair's Intoxication  Alch           14%        N/A       52%         5
 Metabolic Englaciation   Hex/Ice        8%         N/A       67%         5


Dungeon Overview and Level Annotations

Branches:
Dungeon (9/15)             Temple (1/1) D:7           Sewer (visited)
Ossuary (visited)
   Lair: D:8-11         Orc: D:9-12

Altars:
Ashenzari
Cheibriados
Dithmenos
Elyvilon
Fedhas
Gozag
Hepliaklqana
Kikubaaqudgha
Makhleb
Nemelex Xobeh
Okawaru
Qazlal
Ru
Sif Muna
Trog
Uskayaw
Vehumet
Wu Jian
Xom
Zin
The Shining One

Shops:
D:6 *

Annotations:
D:8 2 transporters, Stellion's ghost, novice MDFi


Message History

Unknown command.
The wight attacks as it pursues you! You block the wight's attack.
You hit the yak.
The yak is heavily wounded.
You barely miss the wight. The wight closely misses you.
You block the yak's attack.
A wight comes into view. It is wielding a +4 halberd.
You catch the helpless yak completely off-guard!
You hit the yak.
The yak is severely wounded.
You closely miss the wight. The wight closely misses you.
The wight attacks as it pursues you! The wight hits you with a +0 flail.
You feel drained. You block the yak's attack.
The yak seems less confused.
You closely miss the yak.
The yak is severely wounded.
You hit the wight. The wight closely misses you. The yak gores you.
Unknown command.
You slash the yak!
The yak is almost dead.
You hit the wight but do no damage. The wight barely misses you.
The yak gores you!
Unknown command.
You hit the yak.
The yak is almost dead.
You slash the wight! The wight misses you. The yak gores you!
Unknown command.
You hit the yak.
You kill the yak!
Vehumet accepts your kill.
You hit the wight but do no damage. The wight closely misses you.
Your life force feels restored.
Unknown command.
You closely miss the wight.
The wight is almost destroyed.
You hit the wight.
The wight hits you with a +3 great sword of freezing!!
* * * LOW HITPOINT WARNING * * *
You feel drained.
You die...

#...#......'..#..#
#...#'######..#..# #
#.............#..# +...
#..........)..#..#
#....#†#####.......#..#
#..........#.......#..#
..z.........#.......#
..........zz#########
........z..z@.......
.........######.....
.........# ...
.........# # ........#
#####


You could see 4 wights.

Vanquished Creatures
  A two-headed ogre (D:8)
  Maggie (D:6)
  2 hornets
  Prince Ribbit (D:7)
  Sigmund (D:3)
  6 yaks
  A wyvern (D:7)
  A steam dragon (D:7)
  2 water moccasins
  An orc warrior (D:6)
  Pargi (Sewer)
  A black bear (D:5)
  5 centaurs
  A brain worm (Sewer)
  Blork the orc (D:5)
  2 gnoll sergeants
  A bullfrog (D:8)
  A scorpion (D:4)
  A burial acolyte (Ossuary)
  7 wights
  8 killer bees
  4 howler monkeys (D:7)
  2 hounds
  A bombardier beetle (D:5)
  2 gnoll boudas
  An orc priest (D:6)
  Crazy Yiuf (D:2)
  2 sleepcaps
  3 iguanas (D:5)
  An orc wizard (D:9)
  4 mummies (Ossuary)
  19 gnolls
  Robin (D:4)
  6 adders
  A river rat (D:6)
  A ribbon worm (D:2)
  3 dart slugs
  18 orcs
  13 bats
  4 endoplasms
  3 giant cockroaches (D:6)
  11 goblins
  11 hobgoblins
  3 jackals (D:1)
  2 kobolds
  7 quokkas
  9 ball pythons
  10 frilled lizards
  3 gnoll zombies (Ossuary)
  2 kobold zombies (Ossuary)
  An orc zombie (Ossuary)
  5 rats
200 creatures vanquished.

Vanquished Creatures (collateral kills)
  A burial acolyte (Ossuary)
  A killer bee (D:9)
  A sleepcap (D:6)
  2 mummies (Ossuary)
  A gnoll zombie (Ossuary)
  An orc zombie (Ossuary)
7 creatures vanquished.

Vanquished Creatures (others)
  A gnoll (D:5)
  A shadow imp (D:7)
2 creatures vanquished.

Grand Total: 209 creatures vanquished

Notes
Turn   | Place    | Note
-------+----------+-------------------------------------------
     0 | D:1      | pokeman the Deep Elf Hedge Wizard began the quest for the
                  | Orb.
     0 | D:1      | Reached XP level 1. HP: 10/10 MP: 7/7
   212 | D:1      | Reached XP level 2. HP: 16/16 MP: 2/9
   331 | D:1      | Found a faded altar of an unknown god.
  1261 | D:2      | Reached skill level 5 in Spellcasting
  1344 | D:2      | Reached XP level 3. HP: 20/20 MP: 8/11
  1348 | D:2      | Learned a level 3 spell: Mephitic Cloud
  1351 | D:2      | Learned a level 2 spell: Call Imp
  1354 | D:2      | Learned a level 2 spell: Blink
  1503 | D:2      | Found a runed translucent door.
  1504 | D:2      | Noticed Crazy Yiuf
  1829 | D:2      | Reached skill level 1 in Fighting
  1829 | D:2      | Reached skill level 1 in Armour
  2308 | D:2      | Killed Crazy Yiuf
  2309 | D:2      | Reached XP level 4. HP: 12/25 MP: 3/13
  2511 | D:3      | Found a blossoming altar of Fedhas.
  2872 | D:3      | Found a sparkling altar of Nemelex Xobeh.
  2883 | D:3      | Found a broken altar of Ashenzari.
  3002 | D:3      | Noticed Sigmund
  3015 | D:3      | Killed Sigmund
  3016 | D:3      | Reached skill level 6 in Spellcasting
  3016 | D:3      | Reached XP level 5. HP: 29/29 MP: 11/16
  3016 | D:3      | Reached XP level 6. HP: 34/34 MP: 11/17
  3467 | D:4      | Found a sand-covered staircase.
  3476 | Ossuary  | Entered an ossuary
  3529 | Ossuary  | Reached skill level 7 in Spellcasting
  3839 | D:4      | Noticed Robin
  3844 | D:4      | Killed Robin
  3845 | D:4      | Reached skill level 1 in Evocations
  3958 | D:4      | Reached XP level 7. HP: 38/38 MP: 18/20
  4275 | D:4      | Found an ornate altar of the Wu Jian Council.
  4369 | D:4      | Reached skill level 1 in Air Magic
  4369 | D:4      | Reached skill level 1 in Alchemy
  4441 | D:4      | Identified the +2 scale mail of Qecropt {Harm rC+ Will+
                  | Dex-5}
  4556 | D:4      | Reached skill level 8 in Spellcasting
  4661 | D:4      | Found a shimmering blue altar of Sif Muna.
  4767 | D:5      | Entered Level 5 of the Dungeon
  4883 | D:5      | Identified the +10 falchion of the Whelk {drain, rF- rN+
                  | rCorr Dex+4}
  4923 | D:5      | Noticed Blork the orc
  4931 | D:5      | Killed Blork the orc
  5285 | D:5      | Reached skill level 9 in Spellcasting
  5290 | D:5      | Reached XP level 8. HP: 41/44 MP: 14/23
  5305 | D:5      | Found the +5 woodcutter's axe
  5437 | D:6      | Reached skill level 5 in Conjurations
  5808 | D:6      | Found Ecrung's Assorted Antiques.
  5811 | D:6      | Bought a murky brown potion for 26 gold pieces
  5811 | D:6      | Bought a scroll labelled UGEJEA DACSA for 29 gold pieces
  5811 | D:6      | Bought a white potion for 26 gold pieces
  5811 | D:6      | Bought a fuming emerald potion for 26 gold pieces
  5811 | D:6      | Bought a scroll labelled MARIME YDOIMAO for 29 gold pieces
  5811 | D:6      | Bought a scroll labelled BYLAGG VAFAZAI for 29 gold pieces
  5811 | D:6      | Bought a scroll labelled BYLAGG VAFAZAI for 29 gold pieces
  6022 | D:6      | Reached skill level 10 in Spellcasting
  6055 | D:6      | Noticed Maggie
  6063 | D:6      | Found a glowing drain.
  6070 | Sewer    | Entered a sewer
  6156 | Sewer    | Noticed Pargi
  6167 | Sewer    | Killed Pargi
  6246 | D:6      | Killed Maggie
  6247 | D:6      | Reached skill level 11 in Spellcasting
  6334 | D:6      | Reached XP level 9. HP: 32/48 MP: 24/26
  6548 | D:7      | Noticed Prince Ribbit
  6555 | D:7      | Killed Prince Ribbit
  6647 | D:7      | Reached skill level 12 in Spellcasting
  6945 | D:7      | Found a staircase to the Ecumenical Temple.
  6954 | Temple   | Entered the Ecumenical Temple
  6960 | Temple   | Became a worshipper of Vehumet
  7832 | D:8      | Reached skill level 13 in Spellcasting
  8215 | D:8      | Noticed a moth of wrath
  8223 | D:8      | Found a transporter.
  8224 | D:8      | Found a bloodstained altar of Trog.
  8224 | D:8      | Noticed Stellion's ghost (novice MDFi)
  8231 | D:8      | Found a transporter.
  8364 | D:8      | Found a white marble altar of Elyvilon.
  8433 | D:8      | Found a glowing golden altar of the Shining One.
  8449 | D:8      | Noticed a two-headed ogre
  8479 | D:8      | Killed a two-headed ogre
  8480 | D:8      | Reached XP level 10. HP: 18/54 MP: 10/29
  8798 | D:9      | Reached skill level 14 in Spellcasting
  8806 | D:9      | Reached * piety under Vehumet
  8806 | D:9      | Offered knowledge of Shock by Vehumet.
  8991 | D:9      | Found a glowing silver altar of Zin.
  9089 | D:9      | Slain by a wight

Illustrated notes

Levels and vault maps discovered:
D:1:      dpeg_arrival_pits, layout_basic,
          shapermc_ecumenical_altar_mp_ritualfount, columned_hall_lemuel,
          minmay_misc_feat_secret_circle
D:2:      layout_rooms, dreamdust_princess_bridge, uniq_crazy_yiuf_cottage
D:3:      minmay_angry_zag, layout_loops_ring, lemuel_crystal_altar,
          mainiacjoe_overflow_big_doors, uniq_sigmund
D:4:      layout_loops_ring, general_overflow_altar, lemuel_doored_altar,
          mainiacjoe_ossuary_entry_dusty_tomb, fountainhead,
          grunt_decor_junction, sigmund_army, uniq_robin
D:5:      layout_cave_pools, pf_guarded_unrand_woodcutter, uniq_blork_the_orc
D:6:      nicolae_cairo_tiling_large, layout_loops_ring, portal_sewer_entry_e,
          serial_shops, shop, uniq_maggie
D:7:      hellmonk_destroyed_diamonds, layout_basic,
          minmay_temple_entry_poolview, uniq_prince_ribbit1
D:8:      layout_rooms, mainiacjoe_overflow_boulevard,
          mainiacjoe_overflow_surrounded_room,
          gammafunk_ghost_wrathful_warriors, minivault_19, minmay_bent
D:9:      layout_irregular_city, zin_statuary,
          nicolae_shop_distant_corner_stores, feat_on_display
Temple:   compressed_dpeg_triangle_lava_temple

Skill      XL: |  1  2  3  4  5  6  7  8  9 10 |
---------------+-------------------------------+-----
Spellcasting   | 5 6 7 9 11 13 14 | 14.6
Fighting       | 1 2 3 |  3.6
Armour         | 1 3 4 |  4.3
Conjurations   | 2 3 4 6 7 8 |  8.5
Dodging        | 3 4 |  4.0
Stealth        | 3 4 |  4.0
Evocations     | 1 |  1.3
Air Magic      | 1 |  1.0
Alchemy        | 1 |  1.0
Summonings     | |  1.1
Translocations | |  1.1

Action                     |  1- 3 |  4- 6 |  7- 9 | 10-12 || total
---------------------------+-------+-------+-------+-------++-------
  Melee: Dagger            |     7 |       |       |       ||     7
         Quarterstaff      |       |    58 |    51 |       ||   109
         Battleaxe         |       |       |   174 |    65 ||   239
   Cast: Magic Dart        |    93 |    62 |   126 |       ||   281
         Call Imp          |     1 |     2 |     5 |       ||     8
         Blink             |     1 |       |     2 |       ||     3
         Mephitic Cloud    |       |     3 |    30 |     4 ||    37
   Stab: Confused          |       |     2 |    18 |     6 ||    26
         Sleeping          |       |       |     1 |     1 ||     2
 Armour: Robe              |     7 |    17 |    66 |       ||    90
         Steam dragon scal |       |       |    71 |    33 ||   104
  Dodge: Dodged            |    21 |    19 |   140 |    37 ||   217
  Block: Other             |       |    12 |    49 |    16 ||    77

Table legend: (Time is in decaauts)
 A = Elapsed time spent in this place.
 B = Non-inter-level travel time spent in this place.
 C = Inter-level travel time spent in this place.
 D = Time resting spent in this place.
 E = Time spent auto-exploring this place.
 F = Levels seen in this place.
 G = Mean time per level.
                   A        B        C        D        E       F      G
               +--------+--------+--------+--------+--------+-----+--------+
         Total |   9124 |   8841 |    283 |    323 |   6535 |  12 |  760.3 |
       Dungeon |   8692 |   8414 |    278 |    313 |   6282 |   9 |  965.8 |
        Temple |     12 |      7 |      5 |      0 |      0 |   1 |   12.0 |
         Sewer |    144 |    144 |      0 |      0 |    100 |   1 |  144.0 |
       Ossuary |    273 |    273 |      0 |     10 |    153 |   1 |  273.0 |
               +--------+--------+--------+--------+--------+-----+--------+

Top non-repeatable levels by time:
     D:7: 1422 daAuts
     D:1: 1313 daAuts
     D:4: 1118 daAuts
     D:2: 1116 daAuts
     D:6: 976 daAuts
     D:3: 969 daAuts
     D:8: 694 daAuts
     D:5: 666 daAuts
     D:9: 415 daAuts
 Ossuary: 273 daAuts
   Sewer: 144 daAuts
  Temple: 12 daAuts
